MID
BINGHAMTON METS @ GREAT LAKES LOONS
08/30/2045
 
TOP OF THE 1ST
Binghamton Mets batting - Pitching for Great Lakes Loons : LHP Jonathan Daniels
Pitching: LHP Jonathan Daniels
Batting: RHB Ben Herman 0-0: Foul Ball, location: 2F
0-1: Swinging Strike
0-2: DOUBLE (Groundball, 5L, EV 99.4 MPH)
Batting: SHB Tadaaki Kondo 0-0: Ball
1-0: Fly out, F7 (Flyball, 78D, EV 76.2 MPH)
Batting: RHB Gang-sheng Chew 0-0: Ball
1-0: Ball
2-0: Swinging Strike
2-1: Fly out, F6 (Flyball, 56D, EV 88.8 MPH)
Batting: SHB Jerry Burrows 0-0: Ground out 6-3 (Groundball, 6, EV 91.2 MPH)
Top of the 1st over - 0 runs, 1 hit, 0 errors, 1 left on base; Binghamton 0 - Great Lakes 0
BOTTOM OF THE 1ST
Great Lakes Loons batting - Pitching for Binghamton Mets : LHP Micah Watson
Pitching: LHP Micah Watson
Batting: RHB Jim Rogers 0-0: Called Strike
0-1: Ball
1-1: Ball
2-1: Foul Ball, location: 2F
2-2: Ball
3-2: Foul Ball, location: 2F
3-2: Base on Balls
Batting: RHB Theo Schepers 0-0: Foul Ball, location: 2F
0-1: Grounds into double play, 5-4-3 (Groundball, 56, EV 103.1 MPH)
Batting: SHB Ken Welch 0-0: Ball
1-0: Ball
2-0: Ball
3-0: Base on Balls
Batting: RHB Jerry Sanchez 0-0: Ball
Wild Pitch!
Ken Welch to second
1-0: Ball
2-0: Foul Ball, location: 2F
2-1: 2-RUN HOME RUN (Flyball, 8LXD, EV 101.2 MPH), Distance : 417 ft
Batting: RHB Luis Grajeda 0-0: Ball
1-0: Swinging Strike
1-1: Ball
2-1: Ball
3-1: Called Strike
3-2: Base on Balls
Batting: RHB Chad Rojas 0-0: Called Strike
0-1: Ball
1-1: Fly out, F7 (Flyball, 7, EV 88.8 MPH)
Bottom of the 1st over - 2 runs, 1 hit, 0 errors, 1 left on base; Binghamton 0 - Great Lakes 2
TOP OF THE 2ND
Binghamton Mets batting - Pitching for Great Lakes Loons : LHP Jonathan Daniels
Batting: LHB Adam Barry 0-0: Ball
1-0: Ball
2-0: Foul Ball, location: 2F
2-1: Ball
3-1: Ground out U3 (Groundball, 3, EV 85.6 MPH)
Batting: RHB Dave Conde 0-0: Ball
1-0: Called Strike
1-1: Swinging Strike
1-2: Ground out 6-3 (Groundball, 6, EV 84.4 MPH)
Batting: LHB Javy Cavazos 0-0: Called Strike
0-1: Ball
1-1: Ground out 5-3 (Groundball, 56, EV 89.4 MPH)
Top of the 2nd over - 0 runs, 0 hits, 0 errors, 0 left on base; Binghamton 0 - Great Lakes 2
BOTTOM OF THE 2ND
Great Lakes Loons batting - Pitching for Binghamton Mets : LHP Micah Watson
Batting: RHB Matt Fields 0-0: Swinging Strike
0-1: Ball
1-1: Ball
2-1: Called Strike
2-2: Ball
3-2: DOUBLE (Flyball, 89D, EV 106.9 MPH)
Batting: LHB Steve Pond 0-0: Ball
Wild Pitch!
Matt Fields to third
1-0: SINGLE (Groundball, 56S, EV 67.5 MPH) (infield hit)
Matt Fields scores
Batting: RHB Bob Magana 0-0: Swinging Strike
0-1: Ball
1-1: Foul Ball, location: 2F
1-2: Ball
2-2: Foul Ball, location: 2F
2-2: Ball
3-2: Fly out, F9 (Flyball, 89S, EV 96.2 MPH)
Batting: RHB Jim Rogers 0-0: Called Strike
0-1: Ball
1-1: Fly out, F9 (Flyball, 89M, EV 76.2 MPH)
Batting: RHB Theo Schepers 0-0: Ball
1-0: Ball
2-0: Fielders Choice at 2nd, 6-4 (Groundball, 6, EV 92.5 MPH)
Bottom of the 2nd over - 1 run, 2 hits, 0 errors, 1 left on base; Binghamton 0 - Great Lakes 3
TOP OF THE 3RD
Binghamton Mets batting - Pitching for Great Lakes Loons : LHP Jonathan Daniels
Batting: RHB Tetsuhiro Taki 0-0: Ground out 6-3 (Groundball, 6, EV 97.5 MPH)
Batting: SHB Julio Ramos 0-0: Ball
1-0: Ground out U3 (Groundball, 34S, EV 81.9 MPH)
Batting: RHB Ben Herman 0-0: Foul Ball, location: 2F
0-1: Ball
1-1: Ball
2-1: Ball
3-1: Swinging Strike
3-2: Ground out 6-3 (Groundball, 4MS, EV 77.5 MPH)
Top of the 3rd over - 0 runs, 0 hits, 0 errors, 0 left on base; Binghamton 0 - Great Lakes 3
BOTTOM OF THE 3RD
Great Lakes Loons batting - Pitching for Binghamton Mets : LHP Micah Watson
Batting: SHB Ken Welch 0-0: SINGLE (Line Drive, 34D, EV 97.5 MPH)
Batting: RHB Jerry Sanchez 0-0: Fly out, F8 (Line Drive, 8RM, EV 101.2 MPH)
Batting: RHB Luis Grajeda 0-0: Ball
1-0: Ball
2-0: Called Strike
2-1: Ball
3-1: Called Strike
3-2: Foul Ball, location: 2F
3-2: Foul Ball, location: 2F
3-2: Strikes out looking
Batting: RHB Chad Rojas 0-0: Ball
1-0: Fly out, F7 (Flyball, 7LS, EV 96.2 MPH)
Bottom of the 3rd over - 0 runs, 1 hit, 0 errors, 1 left on base; Binghamton 0 - Great Lakes 3
TOP OF THE 4TH
Binghamton Mets batting - Pitching for Great Lakes Loons : LHP Jonathan Daniels
Batting: SHB Tadaaki Kondo 0-0: Called Strike
0-1: Ground out 2-3 (Groundball, 15S, EV 71.2 MPH)
Batting: RHB Gang-sheng Chew 0-0: Hit by Pitch
Batting: SHB Jerry Burrows 0-0: Foul Ball, location: 2F
0-1: Foul Ball, location: 2F
0-2: Ball
1-2: DOUBLE (Flyball, 89D, EV 111.9 MPH)
Gang-sheng Chew to third
Batting: LHB Adam Barry 0-0: Ground out 5-3 (Groundball, 5L, EV 90.0 MPH)
Batting: RHB Dave Conde 0-0: Called Strike
0-1: Ground out 6-3 (Groundball, 6, EV 97.5 MPH)
Top of the 4th over - 0 runs, 1 hit, 0 errors, 2 left on base; Binghamton 0 - Great Lakes 3
BOTTOM OF THE 4TH
Great Lakes Loons batting - Pitching for Binghamton Mets : LHP Micah Watson
Batting: RHB Matt Fields 0-0: Ground out 4-3 (Groundball, 4, EV 91.9 MPH)
Batting: LHB Steve Pond 0-0: Ground out 6-3 (Groundball, 6MS, EV 62.5 MPH)
Batting: RHB Bob Magana 0-0: Ball
1-0: Fly out, F8 (Flyball, 89S, EV 83.1 MPH)
Bottom of the 4th over - 0 runs, 0 hits, 0 errors, 0 left on base; Binghamton 0 - Great Lakes 3
TOP OF THE 5TH
Binghamton Mets batting - Pitching for Great Lakes Loons : LHP Jonathan Daniels
Batting: LHB Javy Cavazos 0-0: Swinging Strike
0-1: Swinging Strike
0-2: Ball
1-2: Ball
2-2: Strikes out swinging, 2-3 out at first.
Batting: RHB Tetsuhiro Taki 0-0: Called Strike
0-1: Fly out, F9 (Flyball, 9S, EV 75.0 MPH)
Batting: SHB Julio Ramos 0-0: Called Strike
0-1: Ball
1-1: Foul Ball, location: 2F
1-2: Ground out 4-3 (Groundball, 6MD, EV 81.9 MPH)
Top of the 5th over - 0 runs, 0 hits, 0 errors, 0 left on base; Binghamton 0 - Great Lakes 3
BOTTOM OF THE 5TH
Great Lakes Loons batting - Pitching for Binghamton Mets : LHP Micah Watson
Batting: RHB Jim Rogers 0-0: Called Strike
0-1: SINGLE (Groundball, 4M, EV 110.0 MPH) (infield hit)
Batting: RHB Theo Schepers 0-0: Fielders Choice at 2nd, 6-4 (Groundball, 6, EV 109.4 MPH)
Batting: SHB Ken Welch 0-0: Ball
Theo Schepers is caught stealing 2nd base 2-4
1-0: Ball
2-0: Ball
3-0: Called Strike
3-1: Foul Ball, location: 2F
3-2: Base on Balls
Batting: RHB Jerry Sanchez 0-0: Ball
1-0: Foul Ball, location: 2F
1-1: Ball
2-1: DOUBLE (Flyball, 8RXD, EV 98.8 MPH)
Ken Welch to third
Batting: RHB Luis Grajeda 0-0: Called Strike
0-1: Ball
1-1: Foul Ball, location: 2F
1-2: Ground out 5-3 (Groundball, 56S, EV 79.4 MPH)
Bottom of the 5th over - 0 runs, 2 hits, 0 errors, 2 left on base; Binghamton 0 - Great Lakes 3
TOP OF THE 6TH
Binghamton Mets batting - Pitching for Great Lakes Loons : LHP Jonathan Daniels
Batting: RHB Ben Herman 0-0: Ball
1-0: Foul Ball, location: 2F
1-1: Swinging Strike
1-2: Ball
2-2: Strikes out swinging
Batting: SHB Tadaaki Kondo 0-0: Called Strike
0-1: Ball
1-1: Ball
2-1: Swinging Strike
2-2: Ball
3-2: Base on Balls
Batting: RHB Gang-sheng Chew 0-0: 2-RUN HOME RUN (Flyball, 78XD, EV 99.4 MPH), Distance : 398 ft
Batting: SHB Jerry Burrows 0-0: Ball
1-0: Called Strike
1-1: Ball
2-1: Ball
3-1: SINGLE (Line Drive, 78S, EV 90.6 MPH)
Batting: LHB Adam Barry 0-0: Ball
1-0: Ball
2-0: Ball
3-0: Base on Balls
Jerry Burrows to second
Batting: RHB Dave Conde 0-0: Ball
1-0: Ball
2-0: Called Strike
2-1: Ball
3-1: Foul Ball, location: 2F
3-2: Base on Balls
Jerry Burrows to third
Adam Barry to second
Pinch Hitting: RHB Lorenzo Vasquez 0-0: Called Strike
0-1: Called Strike
0-2: Strikes out swinging
Pitching: LHP Jake Hall
Batting: RHB Tetsuhiro Taki 0-0: Called Strike
0-1: Swinging Strike
0-2: Foul Ball, location: 2F
0-2: Ground out 5-3 (Groundball, 5L, EV 102.5 MPH)
Top of the 6th over - 2 runs, 2 hits, 0 errors, 3 left on base; Binghamton 2 - Great Lakes 3
BOTTOM OF THE 6TH
Great Lakes Loons batting - Pitching for Binghamton Mets : LHP Micah Watson
Now in RF: Mike Condon
Batting: RHB Chad Rojas 0-0: Called Strike
0-1: SOLO HOME RUN (Flyball, 7LD, EV 93.8 MPH), Distance : 337 ft
Batting: RHB Matt Fields 0-0: Ball
1-0: Fly out, F9 (Line Drive, 9, EV 86.2 MPH)
Batting: LHB Steve Pond 0-0: Ball
1-0: Called Strike
1-1: Ball
2-1: Foul Ball, location: 2F
2-2: Strikes out swinging
Batting: RHB Bob Magana 0-0: Ball
1-0: Ball
2-0: Called Strike
2-1: Ball
3-1: Base on Balls
Batting: RHB Jim Rogers 0-0: Ball
1-0: Ball
2-0: Foul Ball, location: 2F
2-1: Ball
3-1: Foul Ball, location: 2F
3-2: Strikes out swinging
Bottom of the 6th over - 1 run, 1 hit, 0 errors, 1 left on base; Binghamton 2 - Great Lakes 4
TOP OF THE 7TH
Binghamton Mets batting - Pitching for Great Lakes Loons : LHP Jake Hall
Batting: SHB Julio Ramos 0-0: Ground out 4-3 (Groundball, 6MS, EV 88.1 MPH)
Batting: RHB Ben Herman 0-0: Called Strike
0-1: Ball
1-1: Fly out, F8 (Flyball, 89D, EV 95.0 MPH)
Batting: SHB Tadaaki Kondo 0-0: Called Strike
0-1: Called Strike
0-2: Strikes out swinging
Top of the 7th over - 0 runs, 0 hits, 0 errors, 0 left on base; Binghamton 2 - Great Lakes 4
BOTTOM OF THE 7TH
Great Lakes Loons batting - Pitching for Binghamton Mets : LHP Micah Watson
Pitching: RHP Jarred Sharp
Batting: LHB Chris Barrera 0-0: Ball
1-0: Ball
2-0: Called Strike
2-1: Ground out 6-3 (Groundball, 6M, EV 81.9 MPH)
Batting: SHB Ken Welch 0-0: Called Strike
0-1: Ground out 6-3 (Groundball, 6MD, EV 81.2 MPH)
Batting: RHB Jerry Sanchez 0-0: Called Strike
0-1: Ball
1-1: Ball
2-1: Swinging Strike
2-2: Ball
3-2: Foul Ball, location: 2F
3-2: Strikes out looking
Bottom of the 7th over - 0 runs, 0 hits, 0 errors, 0 left on base; Binghamton 2 - Great Lakes 4
TOP OF THE 8TH
Binghamton Mets batting - Pitching for Great Lakes Loons : LHP Jake Hall
Batting: RHB Gang-sheng Chew 0-0: Foul Ball, location: 2F
0-1: Fly out, F6 (Popup, 6, EV 53.8 MPH)
Batting: SHB Jerry Burrows 0-0: Ball
1-0: SOLO HOME RUN (Flyball, 7D, EV 100.0 MPH) (Inside the Park)
Pinch Hitting: RHB Bobby Mabrey 0-0: Ball
1-0: Called Strike
1-1: Ball
2-1: Ball
3-1: Foul Ball, location: 2F
3-2: Ground out 6-3 (Groundball, 56D, EV 107.5 MPH)
Batting: RHB Dave Conde 0-0: Ball
1-0: Ball
2-0: Foul Ball, location: 2F
2-1: Ball
3-1: Base on Balls
Pinch Hitting: RHB David Stayton 0-0: Ball
1-0: Ball
2-0: Ground out U3 (Groundball, 3, EV 85.0 MPH)
Top of the 8th over - 1 run, 1 hit, 0 errors, 1 left on base; Binghamton 3 - Great Lakes 4
BOTTOM OF THE 8TH
Great Lakes Loons batting - Pitching for Binghamton Mets : RHP Jarred Sharp
Pitching: RHP Francis Cornick
Now at 1B: Bayesa Mundhir
Now in RF: Mike Pesek
Batting: RHB Luis Grajeda 0-0: Swinging Strike
0-1: Ball
1-1: Foul Ball, location: 2F
1-2: Strikes out swinging
Batting: RHB Chad Rojas 0-0: SINGLE (Groundball, 6MD, EV 101.9 MPH)
Batting: RHB Matt Fields 0-0: Ball
Chad Rojas steals 2nd base
1-0: Ball
2-0: Called Strike
2-1: Foul Ball, location: 2F
2-2: DOUBLE (Line Drive, 8LXD, EV 103.1 MPH)
Chad Rojas scores
Batting: LHB Steve Pond 0-0: Intentional Walk
Batting: RHB Bob Magana 0-0: Foul Ball, location: 2F
0-1: Ball
1-1: Ball
2-1: Ball
3-1: Swinging Strike
3-2: Fielders Choice at 2nd, 6-4 (Groundball, 6, EV 80.6 MPH)
Matt Fields to third
Batting: RHB Jim Rogers 0-0: Swinging Strike
0-1: Foul Ball, location: 2F
0-2: Fly out, F9 (Flyball, 9D, EV 102.5 MPH)
Bottom of the 8th over - 1 run, 2 hits, 0 errors, 2 left on base; Binghamton 3 - Great Lakes 5
TOP OF THE 9TH
Binghamton Mets batting - Pitching for Great Lakes Loons : LHP Jake Hall
Pitching: RHP Balinda Msrah
Batting: RHB Tetsuhiro Taki 0-0: Ball
1-0: Ground out 6-3 (Groundball, 6, EV 82.5 MPH)
Batting: SHB Julio Ramos 0-0: Ball
1-0: Fly out, F8 (Flyball, 8RM, EV 92.5 MPH)
Batting: RHB Ben Herman 0-0: Hit by Pitch
Batting: SHB Tadaaki Kondo 0-0: Called Strike
0-1: Foul Ball, location: 2F
0-2: Foul Ball, location: 2F
0-2: Strikes out looking
Top of the 9th over - 0 runs, 0 hits, 0 errors, 1 left on base; Binghamton 3 - Great Lakes 5
Wednesday, June 22nd , 2022 - OOTP Baseball 23.4 Build 64